 Dungeon Crawl Stone Soup version 0.26-b1-32-g5d43845318 (webtiles) character file.

Game seed: 1414468163212873920

4606 theswoord the Quickloader (level 10, -2/90 HPs)
             Began as a Minotaur Hunter on Jan 11, 2021.
             Was a Priest of Okawaru.
             Killed from afar by a swamp worm (16 damage)
             ... with a harpoon shot
             ... on level 2 of the Lair of Beasts.
             The game lasted 00:18:00 (8658 turns).

theswoord the Quickloader (Minotaur Hunter)         Turns: 8658, Time: 00:18:01

Health: -2/90      AC: 18    Str: 18    XL:     10   Next: 19%
Magic:  11/11      EV:  9    Int:  8    God:    Okawaru [***...]
Gold:   394        SH:  5    Dex: 13    Spells: 9/9 levels left

rFire    . . .     SeeInvis .   q - +1 whip (elec)
rCold    . . .     Faith    .   (no shield)
rNeg     . . .     Spirit   .   z - +1 plate armour
rPois    +         Reflect  +   (helmet restricted)
rElec    .         Harm     .   (no cloak)
rCorr    .         Rampage  .   (no gloves)
Will     .....                  (no boots)
Stlth    ..........             n - amulet of reflection
HPRegen  0.25/turn              c - ring of poison resistance
MPRegen  0.12/turn              D - +4 ring of protection

@: no status effects
A: retaliatory headbutt, horns 2
a: Renounce Religion, Heroism


You were on level 2 of the Lair of Beasts.
You worshipped Okawaru.
Okawaru was most pleased with you.
You visited 3 branches of the dungeon, and saw 11 of its levels.

You collected 394 gold pieces.

Inventory:

Hand Weapons
 a - a +1 hand crossbow
 q - a +1 whip of electrocution (weapon)
 u - a +0 whip
Missiles
 d - 35 bolts
Armour
 i - a +0 scale mail
 y - a +1 chain mail of fire resistance
 z - a +1 plate armour (worn)
Jewellery
 c - a ring of poison resistance (left hand)
 n - an amulet of reflection (around neck)
 w - an uncursed amulet of magic regeneration
 C - an uncursed ring of wizardry
 D - a +4 ring of protection (right hand)
Wands
 E - a wand of digging (4)
Scrolls
 b - a scroll of magic mapping
 f - 3 scrolls of amnesia
 g - 5 scrolls of remove curse
 j - 2 scrolls of fear
 l - 11 scrolls of teleportation
 A - 5 scrolls of identify
 F - 2 scrolls of fog
Potions
 e - a potion of brilliance
 h - 4 potions of flight {unknown}
 k - a potion of resistance
 m - a potion of magic {unknown}
 o - 2 potions of lignification {unknown}
 p - 4 potions of might {unknown}
 r - 4 potions of attraction
 s - 3 potions of curing {unknown}
 t - 2 potions of mutation {unknown}
 v - a potion of ambrosia {unknown}
 x - 2 potions of degeneration
 B - a potion of haste


   Skills:
 + Level 8.7 Fighting
 - Level 10.0 Crossbows
 + Level 8.3 Armour
 + Level 7.9 Dodging
 - Level 0.7 Stealth
 + Level 3.0 Invocations


You had 9 spell levels left.
You didn't know any spells.
Your spell library was empty.

Dungeon Overview and Level Annotations

Branches:
Dungeon (8/15)             Temple (1/1) D:7            Lair (2/6) D:8
 Spider (0/4) Lair:2
  Swamp: Lair:2-4    Shoals: Lair:2-4

Altars:
Ashenzari
Dithmenos
Fedhas
Gozag
Hepliaklqana
Kikubaaqudgha
Makhleb
Nemelex Xobeh
Okawaru
Qazlal
Ru
Sif Muna
Trog
Uskayaw
Vehumet
Wu Jian
Xom
Yredelemnul
Zin
The Shining One

Shops:
D:8 =

Annotations:
D:7 1 runed translucent door, alja1234's ghost, novice SpCj
Lair:1 1 transporter
Lair:2 Urug


Innate Abilities, Weirdness & Mutations

You reflexively headbutt those who attack you in melee.
You have a pair of horns on your head.


Message History

The jumping spider pounces on you but does no damage.
You block the jumping spider's attack. The jumping spider pounces on you!
* * * LOW HITPOINT WARNING * * *
You block the jumping spider's attack.
Your surroundings suddenly seem different.
Urug the Orcish Ballista comes into view.
She is wielding a +2 battleaxe of electrocution and quivering 6 silver javelins.
Urug shouts!
Urug throws a silver javelin.
The silver javelin pierces through you.
* * * LOW HITPOINT WARNING * * *
x2
Found a silver javelin and 26 gold pieces.
Found a stone staircase leading up.
You see here a silver javelin.
Urug throws a silver javelin.
The silver javelin pierces through you!!
* * * LOW HITPOINT WARNING * * *
x2 You see here a silver javelin.
A swamp worm comes into view.
The swamp worm fires a harpoon shot at you.
The harpoon shot hits you!
You die...

.... .........o... .. #
.... ....((......P##.# .#
... ....(P( ........# ..#
#####....((.. ...#...#...#
#.............##.#.......
#....P.......##......+
P....#......###P.((..#..
.............#$..#.......#
+............###@P...#....
#...........#.##.+...# ..P
#...........$...<#...# .
..##...................
........##..#...........
..............:.........
.............w#.... ....
........P#...##.....
................


You could see a swamp worm.

Vanquished Creatures
  A hydra (Lair:1)
  A two-headed ogre (D:8)
  A cane toad (Lair:1)
  A redback (Lair:2)
  A wyvern (Lair:1)
  Menkaure (D:6)
  Duvessa (D:7)
  3 orc warriors
  A sky beast (D:5)
  A black bear (D:8)
  3 ice beasts
  3 centaurs
  An ogre (D:8)
  Dowan (D:7)
  2 scorpions
  A wyvern skeleton (D:8)
  3 howler monkeys
  A centaur zombie (D:8)
  A bullfrog zombie (D:6)
  3 orc priests
  4 hounds
  2 iguanas
  8 orc wizards
  4 worker ants
  A howler monkey zombie (D:8)
  A worker ant zombie (D:6)
  15 gnolls
  17 adders
  4 white imps
  An ufetubus (D:6)
  An ooze (D:3)
  5 dart slugs
  8 leopard geckos
  19 orcs
  2 bats
  3 giant cockroaches
  3 goblins
  6 hobgoblins
  11 jackals
  2 ball pythons
  6 frilled lizards
  9 kobolds
  A leopard gecko skeleton (D:8)
  A leopard gecko zombie (D:5)
  A quokka skeleton (D:8)
  A quokka zombie (D:7)
  4 rats
171 creatures vanquished.

Vanquished Creatures (others)
  A human (D:3)
  4 fungi
  3 plants
8 creatures vanquished.

Grand Total: 179 creatures vanquished

Notes
Turn   | Place    | Note
-------+----------+-------------------------------------------
     0 | D:1      | theswoord the Minotaur Hunter began the quest for the Orb.
     0 | D:1      | Reached XP level 1. HP: 18/18 MP: 0/0
    56 | D:1      | Reached XP level 2. HP: 25/25 MP: 1/1
   123 | D:1      | Reached skill level 5 in Crossbows
   695 | D:2      | Reached XP level 3. HP: 30/30 MP: 2/2
   835 | D:2      | Found a faded altar of an unknown god.
  1006 | D:2      | Found a burning altar of Makhleb.
  1022 | D:2      | Reached skill level 6 in Crossbows
  1022 | D:2      | Reached XP level 4. HP: 21/37 MP: 3/3
  1267 | D:2      | Found a broken altar of Ashenzari.
  2113 | D:3      | Reached skill level 7 in Crossbows
  2113 | D:3      | Reached XP level 5. HP: 36/42 MP: 4/4
  2399 | D:3      | Found a blossoming altar of Fedhas.
  2481 | D:3      | Found an ancient bone altar of Kikubaaqudgha.
  2515 | D:3      | Noticed a human
  2517 | D:3      | Killed a human
  2568 | D:3      | Found a glowing golden altar of the Shining One.
  2954 | D:4      | Reached skill level 8 in Crossbows
  2954 | D:4      | Reached XP level 6. HP: 41/50 MP: 5/5
  3328 | D:4      | Found a shadowy altar of Dithmenos.
  3529 | D:5      | Entered Level 5 of the Dungeon
  3595 | D:5      | Found a sparkling altar of Nemelex Xobeh.
  3596 | D:5      | Found a sacrificial altar of Ru.
  3861 | D:5      | Noticed a sky beast
  3894 | D:5      | Killed a sky beast
  3895 | D:5      | Reached skill level 9 in Crossbows
  3895 | D:5      | Reached XP level 7. HP: 34/56 MP: 6/6
  4034 | D:5      | Found a glowing silver altar of Zin.
  4470 | D:6      | Reached skill level 10 in Crossbows
  4719 | D:6      | Reached skill level 1 in Armour
  4783 | D:6      | Identified the +0 hand axe of Destiny {freeze, rElec MP+9}
  5468 | D:6      | Reached XP level 8. HP: 30/66 MP: 7/7
  5497 | D:6      | Noticed Menkaure
  5503 | D:6      | Killed Menkaure
  5946 | D:6      | Found a shimmering blue altar of Sif Muna.
  6014 | D:6      | Found a bloodstained altar of Trog.
  6186 | D:7      | Noticed alja1234's ghost (novice SpCj)
  6187 | D:7      | Found a runed translucent door.
  6241 | D:7      | Found an ornate altar of the Wu Jian Council.
  6304 | D:7      | Found a staircase to the Ecumenical Temple.
  6315 | D:7      | Reached skill level 5 in Fighting
  6320 | Temple   | Entered the Ecumenical Temple
  6381 | Temple   | Became a worshipper of Warmaster Okawaru
  6526 | D:7      | Found a stormy altar of Qazlal.
  6581 | D:7      | Noticed Duvessa
  6589 | D:7      | Killed Duvessa
  6590 | D:7      | Reached skill level 5 in Dodging
  6597 | D:7      | Noticed Dowan
  6602 | D:7      | Killed Dowan
  6723 | D:7      | Reached skill level 5 in Armour
  7148 | D:8      | Found a staircase to the Lair.
  7165 | D:8      | Found Qocoqial's Jewellery Emporium.
  7186 | D:8      | Reached * piety under Okawaru
  7192 | D:8      | Reached XP level 9. HP: 75/75 MP: 8/8
  7341 | D:8      | Noticed a two-headed ogre
  7352 | D:8      | Killed a two-headed ogre
  7352 | D:8      | Reached ** piety under Okawaru
  7846 | D:8      | Found a blossoming altar of Fedhas.
  7881 | D:8      | Reached skill level 1 in Invocations
  8223 | Lair:1   | Entered Level 1 of the Lair of Beasts
  8256 | Lair:1   | Noticed a cane toad
  8265 | Lair:1   | Killed a cane toad
  8268 | Lair:1   | Noticed a five-headed hydra
  8276 | Lair:1   | Killed a five-headed hydra
  8276 | Lair:1   | Reached *** piety under Okawaru
  8277 | Lair:1   | Reached XP level 10. HP: 28/90 MP: 9/11
  8536 | Lair:1   | Found a transporter.
  8544 | Lair:1   | You fall into a shaft and drop 1 floor!
  8545 | Lair:2   | Noticed a four-headed hydra
  8620 | Lair:2   | Found a hole to the Spider Nest.
  8629 | Lair:2   | Received a gift from Okawaru
  8645 | Lair:2   | Noticed a four-headed hydra
  8655 | Lair:2   | Noticed Urug
  8658 | Lair:2   | Killed from afar by a swamp worm

Skill      XL: |  1  2  3  4  5  6  7  8  9 10 |
---------------+-------------------------------+-----
Crossbows      | 5 6 7 8 9 10 | 10.0
Armour         | 2 5 8 |  8.3
Fighting       | 3 6 8 |  8.7
Dodging        | 3 5 7 |  7.9
Invocations    | 2 3 |  3.0
Stealth        | |  0.7

Action                   |  1- 3 |  4- 6 |  7- 9 | 10-12 || total
-------------------------+-------+-------+-------+-------++-------
Melee: Short sword       |    36 |    55 |       |       ||    91
       Mace              |     8 |       |       |       ||     8
       Headbutt          |     4 |    17 |    26 |     3 ||    50
       Whip              |       |    81 |   140 |    18 ||   239
 Fire: Hand crossbow     |    13 |    72 |   207 |       ||   292
Evoke: Wand              |       |       |       |     1 ||     1
  Use: Scroll            |     2 |    10 |     3 |     2 ||    17
       Potion            |       |     1 |       |       ||     1
 Stab: Distracted        |     1 |       |       |       ||     1
Armor: Scale mail        |    33 |    63 |     8 |       ||   104
       Plate armour      |       |       |    80 |    35 ||   115
Dodge: Dodged            |    25 |    85 |    73 |    17 ||   200
Block: Other             |       |     9 |    42 |     7 ||    58
       Reflection        |       |       |     1 |       ||     1

Levels and vault maps discovered:
D:1:      ncdulo_wetmaze, layout_rooms
D:2:      layout_basic, makhleb_heckhound_becter, nicolae_ashenzari_panopticon,
          chequers_ecumenical_altar_simple_redux
D:3:      minmay_inner_zag, layout_rooms, tso_metal_star, old_standard_altar,
          tgw_kikubaaqudgha
D:4:      layout_cave_pools, kennysheep_mini, serial_column_ruins,
          column_ruins_hut_water, column_ruins_grid_1, column_ruins_open_medium,
          column_ruins_grid_3, column_ruins_columns_straight,
          chequers_serial_rivers_micro_a, grunt_ministairs_3
D:5:      layout_loops_ring, gammafunk_temple_overflow_forgotten,
          minmay_curled_crystal
D:6:      kennysheep_orc_sif_temple, layout_gridville, lightli_temple_of_fire,
          uniq_menkaure
D:7:      layout_basic, nicolae_overflow_crystal_walls, general_overflow_altar,
          minmay_temple_entry_waves, hellmonk_ghost_happy_afterlife,
          uniq_duvessa
D:8:      layout_basic, lair_entry_dummy, serial_shops, shop, hex_intersection,
          fedhas_altar_3
Temple:   dpeg_three_leaves_temple
Lair:1:   layout_chaotic_city, gammafunk_ghost_hive, uniq_nergalle, uniq_sonja
Lair:2:   layout_chaotic_city, minmay_swamp_entry_worms,
          spider_nest_entry_funnel_web, lemuel_fruit_tree, uniq_prince_ribbit2,
          uniq_urug
